 Dungeon Crawl Stone Soup version 0.19.5 (webtiles) character file.

26725 McKennaii the Eclecticist (level 13, 0/66 HPs)
             Began as a Deep Elf Fire Elementalist on May 15, 2017.
             Was a High Priest of Vehumet.
             Slain by Rupert
             ... wielding a +6 great sword of freezing
              (8 damage)
             ... on level 14 of the Dungeon.
             The game lasted 00:48:44 (15466 turns).

McKennaii the Eclecticist (DEFE)                   Turns: 15466, Time: 00:48:44

Health: 0/66       AC: 16    Str:  5    XL:     13   Next: 0%
Magic:  6/35       EV: 13    Int: 33    God:    Vehumet [*****.]
Gold:   868        SH:  6    Dex: 17    Spells: 8 memorised, 22 levels left

rFire  + + .     SeeInvis .     a - staff of wizardry
rCold  . . .     Gourm    .     X - +2 leather armour {rF+}
rNeg   . . .     Faith    .     k - +2 buckler
rPois  +         Spirit   .     g - +0 helmet
rElec  +         Reflect  .     T - +0 cloak
rCorr  .         Harm     .     o - +0 pair of gloves
MR     +....                    d - +4 pair of boots "Vopheuli" {Int+7 Dex+2}
Stlth  +++.......               (no amulet)
                                n - +3 ring of protection
                                E - ring "Vyiw" {*Corrode rElec rPois rF+}

@: about to teleport
A: no striking features
a: Renounce Religion


You were on level 14 of the Dungeon.
You worshipped Vehumet.
Vehumet was extremely pleased with you.
You were not hungry.

You visited 2 branches of the dungeon, and saw 15 of its levels.
You also visited: Ossuary.

You collected 868 gold pieces.

Inventory:

Armour
 d - the +4 pair of boots "Vopheuli" (worn) {Int+7 Dex+2}
   (You found it on level 11 of the Dungeon)

   It affects your intelligence (+7).
   It affects your dexterity (+2).
 g - a +0 helmet (worn)
 k - a +2 buckler (worn)
 o - a +0 pair of gloves (worn)
 T - a +0 cloak (worn)
 X - a +2 leather armour of fire resistance (worn)
Magical Staves
 a - an uncursed staff of wizardry (weapon)
Jewellery
 n - a +3 ring of protection (right hand)
 s - an uncursed ring of resist corrosion
 E - the ring "Vyiw" (left hand) {*Corrode rElec rPois rF+}
   (You found it on level 12 of the Dungeon)

   [ring of poison resistance]

   It protects you from fire.
   It insulates you from electricity.
   It protects you from poison.
   It may corrode you when you take damage.
 V - an uncursed ring of see invisible
Wands
 v - a wand of disintegration (8/24)
 y - a wand of digging (9/24)
 A - a wand of teleportation (1/9)
 I - a wand of heal wounds (3/9)
 K - a wand of polymorph (13/24)
Scrolls
 b - 2 scrolls of recharging {unknown}
 f - 6 scrolls of identify
 i - 9 scrolls of remove curse
 l - a scroll of brand weapon
 m - 6 scrolls of enchant weapon
 F - 3 scrolls of magic mapping
 G - 2 scrolls of blinking
 O - 4 scrolls of amnesia
 W - 3 scrolls of teleportation
Potions
 e - a potion of cure mutation
 h - 5 potions of lignification
 p - 3 potions of agility
 q - 10 potions of curing
 t - 2 potions of berserk rage
 u - 3 potions of haste
 w - 2 potions of might
 z - a potion of resistance {unknown}
 C - 3 potions of flight
 N - 5 potions of brilliance
Books
 B - a book of Misfortune

   Spells                             Type                      Level
   a - Confusing Touch                Hexes                        1
   b - Confuse                        Hexes                        3
   c - Gell's Gravitas                Hexes/Translocation          3
   d - Petrify                        Transmutation/Earth          4
   e - Metabolic Englaciation         Hexes/Ice                    5
   f - Yara's Violent Unravelling     Hexes/Transmutation          5
 D - the Papyrus of Companions and the Oath
   (You found it on level 12 of the Dungeon)

   Spells                             Type                      Level
   a - Summon Small Mammal            Summoning                    1
   b - Call Imp                       Summoning                    2
   c - Spectral Weapon                Hexes/Charms                 3
   d - Call Canine Familiar           Summoning                    3
   e - Leda's Liquefaction            Hexes/Earth                  4
 H - a book of Changes

   Spells                             Type                      Level
   a - Beastly Appendage              Transmutation                1
   b - Sticks to Snakes               Transmutation                2
   c - Spider Form                    Transmutation/Poison         3
   d - Ice Form                       Ice/Transmutation            4
   e - Blade Hands                    Transmutation                5
Comestibles
 c - 19 bread rations
 j - 6 beef jerkies
 r - 10 meat rations
 x - 5 fruits
 U - 6 slices of pizza


   Skills:
 + Level 2.1 Fighting
 + Level 2.4 Armour
 + Level 5.2 Dodging
 + Level 4.6 Stealth
 + Level 0.1 Shields
 + Level 0.7 Unarmed Combat
 + Level 16.6 Spellcasting
 + Level 12.5 Conjurations
 + Level 3.5 Hexes
 + Level 12.3 Fire Magic


You had 22 spell levels left.
You knew the following spells:

 Your Spells              Type           Power        Failure   Level  Hunger
a - Flame Tongue          Conj/Fire      #####        1%          1    None
b - Fulminant Prism       Conj/Hex       ######....   1%          4    None
c - Conjure Flame         Conj/Fire      #######.     1%          3    None
d - Magic Dart            Conj           ####         1%          1    None
e - Dazzling Spray        Conj/Hex       ######       1%          3    None
f - Fireball              Conj/Fire      #######...   1%          5    None
g - Confuse               Hex            ######..     1%          3    None
h - Gell's Gravitas       Hex/Tloc       #####.....   3%          3    None


Dungeon Overview and Level Annotations

Branches:
Dungeon (14/15)            Temple (1/1) D:5            Lair (0/6) D:9
    Orc (0/2) D:12         Vaults (0/5) D:14

Altars:
Ashenzari
Cheibriados
Dithmenos
Elyvilon
Fedhas
Gozag
Hepliaklqana
Kikubaaqudgha
Makhleb
Nemelex Xobeh
Okawaru
Qazlal
Ru
Sif Muna
Trog
Uskayaw
Vehumet
Xom
Yredelemnul
Zin
The Shining One

Shops:
D:10 (   D:12 [

Annotations:
D:14 Rupert


Message History

Aiming: Confuse
Press: ? - help, Shift-Dir - straight line, f/p - Rupert
Aim: Rupert, wielding a great sword of freezing and wearing a runed chain mail (lightly wounded, chance to defeat MR: 11%) Rupert resists with almost no effort.
Rupert roars madly and goes into a rage!
Rupert goes berserk!
Casting: Confuse
Confirm with . or Enter, or press ? or * to list all spells.
You don't have enough magic to cast that spell.
Rupert is engulfed in roaring flames.
Rupert closely misses you.
As you read the scroll of teleportation, it crumbles to dust.
You feel strangely unstable.
Rupert hits you with a great sword of freezing!
Rupert freezes you!
Rupert hits you with a great sword of freezing!!
Ouch! That really hurt!
* * * LOW HITPOINT WARNING * * *
Rupert freezes you!
You die...

#. #. ####. . ....
... #.. #######
....#..######
#......
........§...########
#.#####
...#...###....@@).#
#.#####
#.....#########.#
#.#.... ##...## #†#
#.#.### ....## #†#
#.#.### ####. #.#
##...... #. #.#
#.....## ##+# #.#
#.....# ##...## #.#
#.....# ##.....##
###.# ##.<.##


You could see Rupert (berserk).

Vanquished Creatures
  A hydra (D:11)
  A centaur warrior (D:13)
  A tengu warrior (D:11)
  6 skeletal warriors
  2 unseen horrors
  A wizard (D:14)
  Pikel (D:4)
  6 hill giants
  4 ugly things
  A salamander (shapeshifter) (D:13)
  2 manticores
  A cyclops (D:12)
  A gargoyle (D:13)
  A tengu conjurer (D:13)
  6 trolls
  Grinder (D:4)
  Prince Ribbit (D:5)
  3 hippogriffs
  3 wraiths
  A human (D:7)
  A yak (D:7)
  Eustachio (D:5)
  3 hogs (D:7)
  2 hungry ghosts (D:7)
  Menkaure (D:6)
  5 vampire mosquitoes
  3 wargs
  Edmund (D:6)
  A soldier ant (shapeshifter) (D:13)
  2 soldier ants (D:13)
  3 black bears
  2 ice beasts
  6 sky beasts
  6 orc warriors
  A phantom (D:9)
  2 eyes of draining (D:8)
  2 ogres
  4 centaurs
  The ghost of VanClaymore the Poker, an amateur MfGl (D:3)
  2 big kobolds (D:8)
  2 crocodiles
  13 bullfrogs
  Blork the orc (D:4)
  A gnoll sergeant (D:10)
  A wyvern zombie (D:13)
  4 scorpions
  A wyvern skeleton (D:13)
  8 killer bees
  A howler monkey (D:6)
  9 wights
  4 jellies
  5 crimson imps
  A quasit (D:8)
  8 hounds
  11 orc priests
  3 centaur skeletons
  A bullfrog skeleton (D:10)
  5 iguanas
  13 orc wizards
  Natasha (thrice) (D:3)
  6 worker ants
  4 hound zombies
  2 hound skeletons (D:5)
  A mummy (D:5)
  3 worker ant zombies
  14 adders
  3 gnolls (D:10)
  2 shadow imps
  7 adder zombies
  An adder skeleton (D:4)
  A worm (D:2)
  2 dart slugs
  10 leopard geckos
  54 orcs
  4 giant cockroaches
  7 goblins
  5 hobgoblins
  8 jackals
  11 quokkas
  2 ball python skeletons (Ossuary)
  6 bats
  8 frilled lizards
  12 kobolds
  2 orc skeletons (Ossuary)
  2 orc zombies (Ossuary)
  5 rats
370 creatures vanquished.

Vanquished Creatures (others)
  An unseen horror (D:11)
  A human (D:2)
  An orc wizard (D:5)
  An orc (D:5)
  4 fulminant prisms (D:13)
8 creatures vanquished.

Grand Total: 378 creatures vanquished

Notes
Turn   | Place    | Note
-------+----------+-------------------------------------------
     0 | D:1      | McKennaii the Deep Elf Fire Elementalist began the quest for the Orb.
     0 | D:1      | Reached XP level 1. HP: 10/10 MP: 6/6
   493 | D:1      | Reached XP level 2. HP: 15/15 MP: 6/8
  1061 | D:2      | Reached XP level 3. HP: 18/19 MP: 5/9
  1145 | D:2      | Learned a level 2 spell: Throw Flame
  1149 | D:2      | Learned a level 3 spell: Conjure Flame
  1522 | D:2      | Reached skill level 4 in Spellcasting
  1702 | D:2      | Found an ancient bone altar of Kikubaaqudgha.
  1702 | D:2      | Noticed a human
  1706 | D:2      | Killed a human
  1736 | D:2      | Reached XP level 4. HP: 22/24 MP: 10/12
  1949 | D:3      | Noticed VanClaymore's ghost (amateur MfGl)
  2001 | D:3      | Killed VanClaymore's ghost
  2001 | D:3      | Reached XP level 5. HP: 21/28 MP: 0/14
  2008 | D:3      | Learned a level 5 spell: Fireball
  2065 | D:3      | Noticed Natasha
  2068 | D:3      | Killed Natasha
  2068 | D:3      | Reached skill level 5 in Fire Magic
  2415 | D:3      | Noticed Natasha
  2418 | D:3      | Killed Natasha
  2418 | D:3      | Reached skill level 5 in Spellcasting
  2520 | D:3      | Noticed Natasha
  2526 | D:3      | Killed Natasha
  2526 | D:3      | Reached XP level 6. HP: 32/32 MP: 5/15
  2585 | D:4      | Noticed a slave
  2625 | D:4      | Noticed Blork the orc
  2637 | D:4      | Killed Blork the orc
  2639 | D:4      | Noticed Grinder
  2889 | D:4      | Paralysed by Grinder for 2 turns
  3002 | D:4      | Noticed a slave
  3047 | D:4      | Paralysed by Grinder for 5 turns
  3058 | D:4      | Paralysed by Grinder for 7 turns
  3275 | D:4      | Paralysed by Grinder for 6 turns
  3282 | D:4      | Paralysed by Grinder for 5 turns
  3293 | D:4      | Killed Grinder
  3293 | D:4      | Reached skill level 6 in Spellcasting
  3293 | D:4      | Reached XP level 7. HP: 17/37 MP: 11/19
  3711 | D:4      | Reached skill level 7 in Spellcasting
  4103 | D:4      | Noticed Pikel
  4120 | D:4      | Killed Pikel
  4120 | D:4      | Reached skill level 1 in Fighting
  4120 | D:4      | Reached skill level 8 in Spellcasting
  4120 | D:4      | Reached skill level 5 in Conjurations
  4120 | D:4      | Reached XP level 8. HP: 43/43 MP: 12/22
  4217 | D:5      | Entered Level 5 of the Dungeon
  4222 | D:5      | Found a stormy altar of Qazlal.
  4296 | D:5      | Found a glowing golden altar of the Shining One.
  4297 | D:5      | Found an ancient bone altar of Kikubaaqudgha.
  4297 | D:5      | Found a hide-covered altar of Uskayaw.
  4298 | D:5      | Found a sacrificial altar of Ru.
  4298 | D:5      | Noticed Prince Ribbit
  4309 | D:5      | Killed Prince Ribbit
  4309 | D:5      | Reached skill level 9 in Spellcasting
  4557 | D:5      | Noticed Eustachio
  4568 | D:5      | Killed Eustachio
  4600 | D:5      | Found a sand-covered staircase.
  4628 | Ossuary  | Entered an ossuary
  4749 | Ossuary  | Noticed a flying skull
  4755 | Ossuary  | Noticed a flying skull
  4756 | Ossuary  | Noticed a flying skull
  4760 | Ossuary  | Noticed a flying skull
  4781 | Ossuary  | Noticed a flying skull
  4808 | Ossuary  | Reached XP level 9. HP: 47/47 MP: 13/24
  5270 | D:5      | Reached skill level 10 in Spellcasting
  5386 | D:5      | Found a staircase to the Ecumenical Temple.
  5394 | Temple   | Entered the Ecumenical Temple
  5430 | Temple   | Became a worshipper of Vehumet
  6092 | D:6      | Noticed Menkaure
  6094 | D:6      | Killed Menkaure
  6100 | D:6      | Noticed Edmund
  6242 | D:6      | Killed Edmund
  6302 | D:6      | Reached skill level 11 in Spellcasting
  6371 | D:6      | Found a stormy altar of Qazlal.
  6751 | D:6      | Reached * piety under Vehumet
  6751 | D:6      | Offered knowledge of Magic Dart by Vehumet.
  6754 | D:6      | Learned a level 1 spell: Magic Dart
  6835 | D:7      | Reached XP level 10. HP: 49/52 MP: 10/27
  7569 | D:7      | Reached skill level 12 in Spellcasting
  8009 | D:8      | Offered knowledge of Searing Ray by Vehumet.
  8016 | D:8      | Reached ** piety under Vehumet
  8498 | D:8      | Reached skill level 10 in Fire Magic
  8929 | D:9      | Reached skill level 13 in Spellcasting
  8986 | D:9      | Offered knowledge of Dazzling Spray by Vehumet.
  9333 | D:9      | Found a staircase to the Lair.
  9337 | D:9      | Reached *** piety under Vehumet
  9408 | D:9      | Learned a level 3 spell: Dazzling Spray
  9565 | D:9      | Reached XP level 11. HP: 39/56 MP: 6/30
  9825 | D:9      | Identified a scroll of acquirement
  9834 | D:10     | Entered Level 10 of the Dungeon
  9953 | D:10     | Noticed a hill giant
  9958 | D:10     | Killed a hill giant
  9958 | D:10     | Reached skill level 1 in Hexes
  9959 | D:10     | Noticed a hill giant
  9965 | D:10     | Killed a hill giant
  9965 | D:10     | Reached skill level 10 in Conjurations
 10071 | D:10     | Found a shattered altar of Ashenzari.
 10120 | D:10     | Found a white marble altar of Elyvilon.
 10191 | D:10     | Offered knowledge of Throw Icicle by Vehumet.
 10300 | D:10     | Noticed a hill giant
 10310 | D:10     | Killed a hill giant
 10547 | D:10     | Found Reih's Weapon Shoppe.
 10694 | D:11     | Noticed an unseen horror
 10697 | D:11     | Killed an unseen horror
 10697 | D:11     | Reached skill level 14 in Spellcasting
 11099 | D:11     | Noticed a cyan ugly thing
 11100 | D:11     | Noticed a hill giant
 11108 | D:11     | Killed a cyan ugly thing
 11115 | D:11     | Killed a hill giant
 11142 | D:11     | Noticed a red ugly thing
 11155 | D:11     | Killed a red ugly thing
 11310 | D:11     | Noticed a skeletal warrior
 11310 | D:11     | Noticed a skeletal warrior
 11313 | D:11     | Noticed a skeletal warrior
 11320 | D:11     | Killed a skeletal warrior
 11345 | D:11     | Reached skill level 1 in Armour
 11601 | D:11     | Killed a skeletal warrior
 11601 | D:11     | Reached **** piety under Vehumet
 11638 | D:11     | Got a pair of spiked boots
 11651 | D:11     | Identified the +4 pair of boots "Vopheuli" {Int+7 Dex+2} (You found it on level 11 of the Dungeon)
 11736 | D:11     | Killed a skeletal warrior
 11828 | D:11     | Reached skill level 15 in Spellcasting
 11932 | D:11     | Noticed a cyan ugly thing
 11938 | D:11     | Killed a cyan ugly thing
 11938 | D:11     | Offered knowledge of Bolt of Draining by Vehumet.
 12176 | D:12     | Noticed a skeletal warrior
 12178 | D:12     | Noticed a skeletal warrior
 12179 | D:12     | Noticed a skeletal warrior
 12179 | D:12     | Reached XP level 12. HP: 33/61 MP: 19/33
 12389 | D:11     | Noticed a four-headed hydra
 12392 | D:11     | Killed a four-headed hydra
 13192 | D:12     | Reached skill level 5 in Dodging
 13460 | D:12     | Noticed a tengu warrior
 13528 | D:11     | Killed a tengu warrior
 13528 | D:11     | Reached skill level 16 in Spellcasting
 13626 | D:12     | Identified the Papyrus of Companions and the Oath
 13693 | D:12     | Got a pitted iron ring
 13695 | D:12     | Identified the ring "Vyiw" {*Corrode rElec rPois rF+} (You found it on level 12 of the Dungeon)
 13835 | D:12     | Reached ***** piety under Vehumet
 13840 | D:12     | Found Xiciucum's Armour Boutique.
 13840 | D:12     | Found a staircase to the Orcish Mines.
 14086 | D:13     | Offered knowledge of Fulminant Prism by Vehumet.
 14092 | D:13     | Learned a level 4 spell: Fulminant Prism
 14466 | D:13     | Learned a level 3 spell: Confuse
 14470 | D:13     | Learned a level 3 spell: Gell's Gravitas
 14697 | D:13     | Found a shattered altar of Ashenzari.
 14726 | D:13     | Noticed a centaur warrior
 14728 | D:13     | Killed a centaur warrior
 15089 | D:14     | Found a gate to the Vaults.
 15432 | D:14     | Reached XP level 13. HP: 66/66 MP: 17/35
 15450 | D:14     | Noticed Rupert
 15466 | D:14     | Slain by Rupert

Skill      XL: |  1  2  3  4  5  6  7  8  9 10 11 12 |
---------------+-------------------------------------+-----
Fire Magic     | 4 5 6 7 9 10 11 12 | 12.3
Stealth        | 3 4 |  4.6
Spellcasting   | 4 5 6 8 9 11 13 15 16 | 16.6
Conjurations   | 2 3 4 5 6 7 9 11 12 | 12.5
Dodging        | 3 4 5 |  5.2
Fighting       | 1 2 |  2.1
Hexes          | 2 3 |  3.5
Armour         | 1 2 |  2.4
Shields        | |  0.1
Unarmed Combat | |  0.7

Action                   |  1- 3 |  4- 6 |  7- 9 | 10-12 | 13-15 || total
-------------------------+-------+-------+-------+-------+-------++-------
Melee: Unarmed           |     2 |       |    21 |       |       ||    23
       Staff             |       |       |       |     5 |       ||     5
 Cast: Flame Tongue      |    72 |    74 |   189 |   412 |     1 ||   748
       Throw Flame       |     3 |    15 |    44 |    44 |       ||   106
       Conjure Flame     |       |     2 |     8 |    35 |     1 ||    46
       Fireball          |       |       |    13 |   131 |     3 ||   147
       Magic Dart        |       |       |       |    46 |       ||    46
       Dazzling Spray    |       |       |       |    37 |       ||    37
       Fulminant Prism   |       |       |       |     4 |       ||     4
       Confuse           |       |       |       |       |     2 ||     2
  Use: Scroll            |       |       |     8 |    21 |     1 ||    30
       Potion            |       |       |       |     7 |       ||     7
  Eat: Chunk             |     2 |     4 |    12 |    27 |       ||    45
       Pizza             |       |       |     1 |     1 |       ||     2
       Fruit             |       |       |       |     1 |       ||     1
Armor: Robe              |     4 |     7 |    23 |    52 |       ||    86
       Leather armour    |       |       |       |    67 |       ||    67
       Skin              |       |       |       |     4 |       ||     4
Dodge: Dodged            |    21 |     9 |    64 |   176 |     1 ||   271
Block: Buckler           |       |       |       |     4 |       ||     4
